 Dungeon Crawl Stone Soup version 0.24-a0-784-g601f8f6d22 (webtiles) character file.

Game seed: 6477775678098530753, levelgen mode: deterministic

48 Flugkiller the Sneak (level 3, -1/26 HPs)
             Began as an Octopode Fighter on Oct 9, 2019.
             Killed by nerve-wracking pain
             ... invoked by an orc priest
              (12 damage)
             ... on level 2 of the Dungeon.
             The game lasted 00:01:17 (1137 turns).

Flugkiller the Sneak (Octopode Fighter)             Turns: 1137, Time: 00:01:18

Health: -1/26      AC:  1    Str: 15    XL:     3   Next: 72%
Magic:  3/3        EV: 11    Int: 10    God:
Gold:   67         SH:  8    Dex: 12    Spells: 2/2 levels left

rFire    . . .     SeeInvis .   a - +0 war axe
rCold    . . .     Gourm    .   b - +0 shield
rNeg     . . .     Faith    .   (helmet restricted)
rPois    .         Spirit   .   (no amulet)
rElec    .         Reflect  .   (no ring)
rCorr    .         Harm     .   (no ring)
MR       .....                  (no ring)
Stlth    +++.......             (no ring)
HPRegen  0.08/turn              (no ring)
MPRegen  0.08/turn              (no ring)
                                (no ring)
                                (no ring)

@: no status effects
A: almost no armour, stealthy swim, amphibious, 8 rings, constrict 8, camouflage
1, gelatinous body 1
a: no special abilities


You were on level 2 of the Dungeon.
You were not hungry.

You visited 1 branch of the dungeon, and saw 2 of its levels.

You collected 67 gold pieces.

Inventory:

Hand Weapons
 a - a +0 war axe (weapon)
Armour
 b - a +0 shield (worn)
Scrolls
 e - 3 scrolls of amnesia {unknown}
 g - 3 scrolls of remove curse
 h - 3 scrolls of identify {unknown}
 k - a scroll of teleportation {unknown}
 l - a scroll of noise {unknown}
 m - a scroll of fog {unknown}
 n - a scroll of enchant weapon {unknown}
Potions
 c - a potion of might
 i - a potion of flight {unknown}
 j - a potion of curing {unknown}
Comestibles
 d - 4 rations
 f - a chunk of flesh


   Skills:
 + Level 3.1 Fighting
 + Level 2.2 Axes
 + Level 3.1 Dodging
 - Level 4.0 Stealth
 - Level 3.0 Shields


You had 2 spell levels left.
You didn't know any spells.
Your spell library was empty.

Dungeon Overview and Level Annotations

Branches:
Dungeon (2/15)

Altars:
Yredelemnul


Innate Abilities, Weirdness & Mutations

You cannot wear most types of armour.
You are very stealthy in the water. (Stealth+)
You are amphibious.
You can wear up to eight rings at the same time.
You can use your tentacles to constrict eight enemies at once.
Your skin changes colour to match your surroundings (Stealth+).
Your rubbery body absorbs attacks. (AC +1, EV +1)


Message History

The helpless quokka fails to defend itself.
You hit the quokka. You grab the quokka.
The quokka is moderately wounded.
You constrict the quokka. You block the quokka's attack. The quokka misses you.
You barely miss the quokka.
The quokka is heavily wounded.
You constrict the quokka.
The quokka bites you but does no damage.
The quokka barely misses you.
You completely miss the quokka. You squeeze the quokka.
You kill the quokka!
No target in view!
d - 4 rations (gained 1)
You open the door.
Found a scroll labeled BOIVVU GIXEX.
Found a stone staircase leading up.
There is an open door here.
Found 22 sling bullets.
n - a scroll labeled BOIVVU GIXEX You open the door.
There is an open door here.
Found a stone staircase leading down.
No target in view!
An orc comes into view. It is wielding a +0 trident.
An orc is nearby!
An orc is nearby!
An orc is nearby!
An orc priest comes into view. It is wielding a +0 dagger.
An orc priest comes into view. It is wielding a +0 short sword.
The orc shouts!
You hear an angry hiss.
A rat comes into view.
Found a short sword.
The orc priest shouts!
You hear a shout! x2
A hobgoblin comes into view.
An orc comes into view. It is wielding a +0 flail.
You block the orc's attack.
Found an escape hatch in the floor.
There is a stone staircase leading down here.
You slash the orc!
You kill the orc!
An adder comes into view.
The orc priest begins to cast a cantrip, but forgets the words!
The orc priest calls down the wrath of Beogh upon you.
Beogh smites you!
Ouch! That really hurt!
* * * LOW HITPOINT WARNING * * *
A bat comes into view.
The orc priest invokes the aid of Beogh against you.
Pain shoots through your body!
You die...

#.#########.# #
#.# ##'###.## #.#
#....#... #.#
#....+... #.#
####..(.##..
#.#####...######..
#.#<......# ###
#.####....########
#@........'.......
#)#o#.#...########
#o#.#......


#ro ####.... #g. +..... )..# #..... .S.# #..... b.># #.. You could see 2 orc
priests, an adder (wandering), an orc, a hobgoblin, a bat and a rat.

Vanquished Creatures
  An adder (D:2)
  2 dart slugs (D:2)
  A leopard gecko (D:2)
  An orc (D:2)
  A ball python (D:1)
  7 bats
  A giant cockroach (D:1)
  A goblin (D:1)
  6 hobgoblins (D:1)
  A quokka (D:2)
  3 frilled lizards
  3 kobolds (D:1)
  4 rats (D:1)
32 creatures vanquished.

Notes
Turn   | Place    | Note
-------+----------+-------------------------------------------
     0 | D:1      | Flugkiller the Octopode Fighter began the quest for the
                  | Orb.
     0 | D:1      | Reached XP level 1. HP: 16/16 MP: 1/1
    26 | D:1      | Reached skill level 1 in Stealth
    64 | D:1      | Reached skill level 2 in Stealth
    72 | D:1      | Reached XP level 2. HP: 12/21 MP: 2/2
   315 | D:1      | Reached skill level 3 in Stealth
   557 | D:1      | Reached XP level 3. HP: 26/26 MP: 3/3
   780 | D:2      | Found a basalt altar of Yredelemnul.
   831 | D:2      | Reached skill level 4 in Stealth
  1137 | D:2      | Killed from afar by an orc priest

Levels and vault maps discovered:
D:1:      arrival_zaba_pyramid, layout_basic
D:2:      layout_basic, lemuel_doored_altar, nicolae_overflow_crystal_walls,
          first_ration, item_on_display_a

Skill      XL: |  1  2  3 |
---------------+----------+-----
Stealth        | 2 3 4 |  4.0
Fighting       | |  3.1
Axes           | |  2.2
Dodging        | |  3.1
Shields        | |  3.0

Action                   || total
-------------------------++-------
Melee: War axe           ||    59
       Constrict         ||    17
       Tentacles         ||     6
  Use: Scroll            ||     1
 Stab: Sleeping          ||     7
  Eat: Chunk             ||     1
Armor: Skin              ||     8
Dodge: Dodged            ||    28
Block: Shield            ||    29

Table legend:
 A = Non-vault XP
 B = Vault XP
 C = Vault XP percentage of total XP
 D = Non-vault monster count
 E = Vault monster count
 F = Vault count percentage of total count
                 A         B        C        D         E       F
            +---------+---------+-------+---------+---------+-------
      Total |      69 |       0 |   0.0 |      32 |       0 |   0.0
            +---------+---------+-------+---------+---------+-------
        D:1 |      36 |       0 |   0.0 |      23 |       0 |   0.0
        D:2 |      33 |       0 |   0.0 |       9 |       0 |   0.0
            +---------+---------+-------+---------+---------+-------
